TOP OF THE 1ST |
Villanova Wildcats batting - Pitching for Oregon Ducks : RHP Sergio Pérez
|
Pitching: RHP Sergio Pérez
|
|
Batting: RHB Juan Romero
|
0-0: Called Strike 0-1: Ball 1-1: Swinging Strike 1-2: Ball 2-2: Ball 3-2: SINGLE (Flyball, 89S)
|
Batting: RHB Paul Bell
|
0-0: Called Strike 0-1: 2-RUN HOME RUN (Flyball, 8LXD), Distance : 387 ft
|
Batting: LHB William Donnelly
|
0-0: Called Strike 0-1: Foul Ball, location: 2F 0-2: Ball 1-2: Foul Ball, location: 2F 1-2: Foul Ball, location: 2F 1-2: Foul Ball, location: 2F 1-2: Ball 2-2: Ball 3-2: Base on Balls
|
Batting: RHB Steve Smith
|
0-0: Ball 1-0: Ball 2-0: Fly out, F9 (Flyball, 9)
|
Batting: LHB Jonathan Belisle
|
0-0: Called Strike 0-1: Fielders Choice at 2nd, 4-6 (Groundball, 34)
|
Batting: RHB Michael Boulanger
|
0-0: Ball 1-0: Ball Jonathan Belisle steals 2nd base 2-0: Ball 3-0: Base on Balls
|
Batting: LHB José Gómez
|
0-0: Called Strike 0-1: Called Strike 0-2: Foul Ball, location: 2F 0-2: Ball 1-2: Ball 2-2: Ball 3-2: Strikes out swinging
|
Top of the 1st over - 2 run(s), 2 hit(s), 0 error(s), 2 left on base; Villanova 2 - Oregon 0 |
BOTTOM OF THE 1ST |
Oregon Ducks batting - Pitching for Villanova Wildcats : LHP Noah Flint
|
Pitching: LHP Noah Flint
|
|
Batting: LHB Peter Rodgers
|
0-0: Ground out 1-3 (Groundball, 15S)
|
Batting: RHB Sean Smith
|
0-0: Ball 1-0: Swinging Strike 1-1: Ground out 6-3 (Groundball, 6)
|
Batting: RHB Jason Wheeler
|
0-0: Ball 1-0: Called Strike 1-1: Foul Ball, location: 2F 1-2: Strikes out looking
|
Bottom of the 1st over - 0 run(s), 0 hit(s), 0 error(s), 0 left on base; Villanova 2 - Oregon 0 |
TOP OF THE 2ND |
Villanova Wildcats batting - Pitching for Oregon Ducks : RHP Sergio Pérez
|
Batting: RHB Gary Jones
|
0-0: Fly out, F4 (Popup, 4D)
|
Batting: RHB Martín Flores
|
0-0: Fly out, F5 (Popup, 5L)
|
Batting: RHB Juan Romero
|
0-0: Called Strike 0-1: Ground out 4-3 (Groundball, 34D)
|
Top of the 2nd over - 0 run(s), 0 hit(s), 0 error(s), 0 left on base; Villanova 2 - Oregon 0 |
BOTTOM OF THE 2ND |
Oregon Ducks batting - Pitching for Villanova Wildcats : LHP Noah Flint
|
Batting: RHB Raúl González
|
0-0: Called Strike 0-1: Foul Ball, location: 2F 0-2: Ball 1-2: Ball 2-2: Strikes out swinging
|
Batting: RHB Michael Heller
|
0-0: Foul Ball, location: 2F 0-1: Foul Ball, location: 2F 0-2: Ground out U3 (Groundball, 3S)
|
Batting: LHB Jerry López
|
0-0: Ball 1-0: Ground out 2-3 (Groundball, 2L)
|
Bottom of the 2nd over - 0 run(s), 0 hit(s), 0 error(s), 0 left on base; Villanova 2 - Oregon 0 |
TOP OF THE 3RD |
Villanova Wildcats batting - Pitching for Oregon Ducks : RHP Sergio Pérez
|
Batting: RHB Paul Bell
|
0-0: Foul Ball, location: 2F 0-1: Swinging Strike 0-2: SINGLE (Line Drive, 7LS)
|
Batting: LHB William Donnelly
|
0-0: Ball 1-0: Called Strike 1-1: Ball 2-1: Swinging Strike 2-2: Ball 3-2: Strikes out looking
|
Batting: RHB Steve Smith
|
0-0: Ball Wild Pitch! Paul Bell to second 1-0: Foul Ball, location: 2F 1-1: Ball 2-1: Foul Ball, location: 2F 2-2: Fly out, F8 (Flyball, 8RS)
|
Batting: LHB Jonathan Belisle
|
0-0: Called Strike 0-1: Ball 1-1: Foul Ball, location: 2F 1-2: Ball 2-2: Ball 3-2: Base on Balls
|
Batting: RHB Michael Boulanger
|
0-0: Foul Ball, location: 2F 0-1: Ball 1-1: Ground out 2-3 (Groundball, 2R)
|
Top of the 3rd over - 0 run(s), 1 hit(s), 0 error(s), 2 left on base; Villanova 2 - Oregon 0 |
BOTTOM OF THE 3RD |
Oregon Ducks batting - Pitching for Villanova Wildcats : LHP Noah Flint
|
Batting: RHB José Vega
|
0-0: Ball 1-0: Ball 2-0: Ball 3-0: Called Strike 3-1: Swinging Strike 3-2: Strikes out swinging
|
Batting: RHB Tim Smith
|
0-0: Ball 1-0: Ground out 4-3 (Groundball, 4)
|
Batting: RHB Diego Molina
|
0-0: Ball 1-0: Called Strike 1-1: Foul Ball, location: 2F 1-2: Fly out, F9 (Flyball, 89S)
|
Bottom of the 3rd over - 0 run(s), 0 hit(s), 0 error(s), 0 left on base; Villanova 2 - Oregon 0 |
TOP OF THE 4TH |
Villanova Wildcats batting - Pitching for Oregon Ducks : RHP Sergio Pérez
|
Batting: LHB José Gómez
|
0-0: Called Strike 0-1: Ball 1-1: Swinging Strike 1-2: Strikes out swinging
|
Batting: RHB Gary Jones
|
0-0: Ball 1-0: Called Strike 1-1: Ball 2-1: SINGLE (Groundball, 34D)
|
Batting: RHB Martín Flores
|
0-0: Ball 1-0: DOUBLE (Groundball, 5L) Gary Jones to third
|
Batting: RHB Juan Romero
|
0-0: Swinging Strike 0-1: Ball 1-1: Swinging Strike 1-2: Strikes out swinging
|
Batting: RHB Paul Bell
|
0-0: Called Strike 0-1: Foul Ball, location: 2F 0-2: Fly out, F6 (Popup, 56)
|
Top of the 4th over - 0 run(s), 2 hit(s), 0 error(s), 2 left on base; Villanova 2 - Oregon 0 |
BOTTOM OF THE 4TH |
Oregon Ducks batting - Pitching for Villanova Wildcats : LHP Noah Flint
|
Batting: LHB Peter Rodgers
|
0-0: Ball 1-0: SOLO HOME RUN (Flyball, 8LXD), Distance : 383 ft
|
Batting: RHB Sean Smith
|
0-0: Ball 1-0: Foul Ball, location: 2F 1-1: Ground out 6-3 (Groundball, 6)
|
Batting: RHB Jason Wheeler
|
0-0: Called Strike 0-1: Called Strike 0-2: Fly out, F9 (Flyball, 9)
|
Batting: RHB Raúl González
|
0-0: Ball 1-0: Ball 2-0: Ball 3-0: Called Strike 3-1: Swinging Strike 3-2: Ground out 4-3 (Groundball, 4)
|
Bottom of the 4th over - 1 run(s), 1 hit(s), 0 error(s), 0 left on base; Villanova 2 - Oregon 1 |
TOP OF THE 5TH |
Villanova Wildcats batting - Pitching for Oregon Ducks : RHP Sergio Pérez
|
Batting: LHB William Donnelly
|
0-0: Ground out U3 (Groundball, 3)
|
Batting: RHB Steve Smith
|
0-0: Ball 1-0: Ball 2-0: Called Strike 2-1: Ball 3-1: Foul Ball, location: 2F 3-2: Base on Balls
|
Pitching: RHP Vincente Ferreira
|
|
Batting: LHB Jonathan Belisle
|
0-0: Called Strike 0-1: Called Strike 0-2: Ball 1-2: Strikes out swinging
|
Batting: RHB Michael Boulanger
|
0-0: Foul Ball, location: 2F 0-1: Fielders Choice at 2nd, 6-4 (Groundball, 6)
|
Top of the 5th over - 0 run(s), 0 hit(s), 0 error(s), 0 left on base; Villanova 2 - Oregon 1 |
BOTTOM OF THE 5TH |
Oregon Ducks batting - Pitching for Villanova Wildcats : LHP Noah Flint
|
Batting: RHB Michael Heller
|
0-0: Ball 1-0: Foul Ball, location: 2F 1-1: Fly out, F9 (Line Drive, 89M)
|
Batting: LHB Jerry López
|
0-0: Foul Ball, location: 2F 0-1: Fly out, F6 (Popup, 6D)
|
Batting: RHB José Vega
|
0-0: Ball 1-0: Fly out, F7 (Flyball, 78S)
|
Bottom of the 5th over - 0 run(s), 0 hit(s), 0 error(s), 0 left on base; Villanova 2 - Oregon 1 |
TOP OF THE 6TH |
Villanova Wildcats batting - Pitching for Oregon Ducks : RHP Vincente Ferreira
|
Batting: LHB José Gómez
|
0-0: Called Strike 0-1: Foul Ball, location: 2F 0-2: Fly out, F8 (Flyball, 8LM)
|
Batting: RHB Gary Jones
|
0-0: Ground out 5-3 (Groundball, 5)
|
Batting: RHB Martín Flores
|
0-0: Called Strike 0-1: Ball 1-1: Ball 2-1: Foul Ball, location: 2F 2-2: Strikes out swinging
|
Top of the 6th over - 0 run(s), 0 hit(s), 0 error(s), 0 left on base; Villanova 2 - Oregon 1 |
BOTTOM OF THE 6TH |
Oregon Ducks batting - Pitching for Villanova Wildcats : LHP Noah Flint
|
Batting: RHB Tim Smith
|
0-0: Ball 1-0: SINGLE (Groundball, 6MD)
|
Batting: RHB Diego Molina
|
0-0: Called Strike 0-1: Ball 1-1: SINGLE (Groundball, 6) (infield hit) Tim Smith to second
|
Batting: LHB Peter Rodgers
|
0-0: SINGLE (Groundball, 6D) Tim Smith to third Diego Molina to second
|
Batting: RHB Sean Smith
|
0-0: Foul Ball, location: 2F 0-1: Called Strike 0-2: Fly out, F9 (Flyball, 9S)
|
Batting: RHB Jason Wheeler
|
0-0: Called Strike 0-1: Fly out, F9 (Flyball, 9LS)
|
Batting: RHB Raúl González
|
0-0: Ball 1-0: Ball 2-0: Called Strike 2-1: SINGLE (Groundball, 34D) Tim Smith scores Diego Molina to third Peter Rodgers to second Runner from 3rd tries for Home, SAFE, no throw
|
Batting: RHB Michael Heller
|
0-0: Ball 1-0: SINGLE (Groundball, 56D) Peter Rodgers to third Raúl González to second Runner from 3rd tries for Home, SAFE, no throw
|
Batting: LHB Jerry López
|
0-0: Ball 1-0: Ball 2-0: Ball 3-0: Called Strike 3-1: Called Strike 3-2: Ground out 5-3 (Groundball, 5)
|
Bottom of the 6th over - 3 run(s), 5 hit(s), 0 error(s), 2 left on base; Villanova 2 - Oregon 4 |
TOP OF THE 7TH |
Villanova Wildcats batting - Pitching for Oregon Ducks : RHP Vincente Ferreira
|
Batting: RHB Juan Romero
|
0-0: Ball 1-0: Ball 2-0: Foul Ball, location: 2F 2-1: Ball 3-1: Base on Balls
|
Batting: RHB Paul Bell
|
0-0: Ball 1-0: Fly out, F8 (Line Drive, 8RM)
|
Batting: LHB William Donnelly
|
0-0: Called Strike Throwing error on steal attempt, E2 Juan Romero to third 0-1: Swinging Strike 0-2: Foul Ball, location: 2F 0-2: Strikes out swinging
|
Batting: RHB Steve Smith
|
0-0: Called Strike 0-1: Ball 1-1: Called Strike 1-2: Ball 2-2: Strikes out swinging
|
Top of the 7th over - 0 run(s), 0 hit(s), 1 error(s), 1 left on base; Villanova 2 - Oregon 4 |
BOTTOM OF THE 7TH |
Oregon Ducks batting - Pitching for Villanova Wildcats : LHP Noah Flint
|
Batting: RHB José Vega
|
0-0: Foul Ball, location: 2F 0-1: SINGLE (Line Drive, 56)
|
Pitching: RHP Dave Spensley
|
|
Batting: RHB Tim Smith
|
0-0: Sac Bunt - play at first, batter OUT! 5-3 José Vega to second
|
Batting: RHB Diego Molina
|
0-0: Intentional Walk
|
Batting: LHB Peter Rodgers
|
0-0: Called Strike 0-1: Swinging Strike 0-2: Ball 1-2: Foul Ball, location: 2F 1-2: Foul Ball, location: 2F 1-2: Fielders Choice at 2nd, 3-6 (Groundball, 34) José Vega to third
|
Batting: RHB Sean Smith
|
0-0: Ball 1-0: Swinging Strike 1-1: Foul Ball, location: 2F 1-2: Strikes out swinging
|
Bottom of the 7th over - 0 run(s), 1 hit(s), 0 error(s), 2 left on base; Villanova 2 - Oregon 4 |
TOP OF THE 8TH |
Villanova Wildcats batting - Pitching for Oregon Ducks : RHP Vincente Ferreira
|
Batting: LHB Jonathan Belisle
|
0-0: Foul Ball, location: 2F 0-1: Ball 1-1: Ball 2-1: Called Strike 2-2: Strikes out swinging
|
Batting: RHB Michael Boulanger
|
0-0: Called Strike 0-1: Swinging Strike 0-2: Ball 1-2: Ball 2-2: Strikes out looking
|
Batting: LHB José Gómez
|
0-0: Ground out 4-3 (Groundball, 4S)
|
Top of the 8th over - 0 run(s), 0 hit(s), 0 error(s), 0 left on base; Villanova 2 - Oregon 4 |
BOTTOM OF THE 8TH |
Oregon Ducks batting - Pitching for Villanova Wildcats : RHP Dave Spensley
|
Batting: RHB Jason Wheeler
|
0-0: SOLO HOME RUN (Line Drive, 7D), Distance : 366 ft
|
Batting: RHB Raúl González
|
0-0: Ball 1-0: Ball 2-0: Ball 3-0: Called Strike 3-1: Swinging Strike 3-2: Strikes out swinging
|
Batting: RHB Michael Heller
|
0-0: Called Strike 0-1: Ball 1-1: Ball 2-1: Ground out 4-3 (Groundball, 4)
|
Batting: LHB Jerry López
|
0-0: Ball 1-0: Swinging Strike 1-1: SOLO HOME RUN (Flyball, 9D), Distance : 364 ft
|
Batting: RHB José Vega
|
0-0: Called Strike 0-1: Ground out 5-3 (Groundball, 56)
|
Bottom of the 8th over - 2 run(s), 2 hit(s), 0 error(s), 0 left on base; Villanova 2 - Oregon 6 |
TOP OF THE 9TH |
Villanova Wildcats batting - Pitching for Oregon Ducks : RHP Vincente Ferreira
|
Pitching: RHP Larry Messer
|
|
Batting: RHB Gary Jones
|
0-0: Ball 1-0: Called Strike 1-1: Ball 2-1: Foul Ball, location: 2F 2-2: Ball 3-2: Base on Balls
|
Batting: RHB Martín Flores
|
0-0: Ball 1-0: Swinging Strike 1-1: Foul Ball, location: 2F 1-2: Ball 2-2: Strikes out looking
|
Batting: RHB Juan Romero
|
0-0: Called Strike 0-1: SINGLE (Groundball, 25) (infield hit) Gary Jones to second
|
Batting: RHB Paul Bell
|
0-0: Called Strike 0-1: DOUBLE (Line Drive, 8RXD) Gary Jones scores Juan Romero to third
|
Batting: LHB William Donnelly
|
0-0: Foul Ball, location: 2F 0-1: Swinging Strike 0-2: Ball 1-2: Strikes out looking
|
Batting: RHB Steve Smith
|
0-0: Called Strike 0-1: Called Strike 0-2: Strikes out swinging
|
Top of the 9th over - 1 run(s), 2 hit(s), 0 error(s), 2 left on base; Villanova 3 - Oregon 6 |
|